 Dungeon Crawl Stone Soup version 0.20-a0-839-gdaf5c57 (webtiles) character file.

4 4thArraOfDagon the Magician (level 1, 0/15 HPs)
             Began as a Mummy Wanderer on Mar 8, 2017.
             Slain by a jackal (3 damage)
             ... on level 3 of the Dungeon.
             The game lasted 00:00:46 (278 turns).

4thArraOfDagon the Magician (Mummy Wanderer)         Turns: 278, Time: 00:00:47

Health: 0/15       AC:  2    Str: 12    XL:     1   Next: 58%
Magic:  4/4        EV: 13    Int:  9    God:
Gold:   25         SH:  2    Dex: 13    Spells: 5/5 levels left

rFire    x . .     SeeInvis .   b - +0 spear
rCold    + . .     Gourm    .   d - +0 robe
rNeg     + + +     Faith    .   (no shield)
rPois    ∞         Spirit   .   (no helmet)
rElec    .         Reflect  +   (no cloak)
rCorr    .         Harm     .   (no gloves)
MR       .....                  (no boots)
Stlth    ++........             h - +2 amulet of reflection
Regen    0.1/turn               (no ring)
MPRegen  0.1/turn               i - -3 ring of strength (curse)

@: no status effects
A: no food or potions, fire vulnerability, cold resistance 1, negative energy
resistance 3, torment resistance, unbreathing
a: no special abilities


You were on level 3 of the Dungeon.
You were not hungry.

You visited 1 branch of the dungeon, and saw 3 of its levels.

You collected 25 gold pieces.

Inventory:

Hand Weapons
 b - a +0 spear (weapon)
 e - a +0 dagger
Armour
 d - a +0 robe (worn)
Jewellery
 h - a +2 amulet of reflection (around neck)
 i - a cursed -3 ring of strength (left hand)
Scrolls
 f - a scroll of magic mapping {unknown}
 g - a scroll of fog {unknown}
Books
 a - a book of Minor Magic

   Spells                             Type                      Level
   a - Magic Dart                     Conjuration                  1
   b - Blink                          Translocation                2
   c - Call Imp                       Summoning                    2
   d - Slow                           Hexes                        2
   e - Conjure Flame                  Conjuration/Fire             3
   f - Mephitic Cloud                 Conjuration/Poison/Air       3


   Skills:
 - Level 1.0 Fighting
 * Level 1.0 Polearms
 - Level 2.4 Dodging
 - Level 1.5 Stealth
 - Level 2.6 Spellcasting
   Level 1.0 Earth Magic
   Level 1.0 Evocations


You had 5 spell levels left.
You didn't know any spells.

Dungeon Overview and Level Annotations

Branches:
Dungeon (3/15)

Altars:

Annotations:
D:2 Robin


Innate Abilities, Weirdness & Mutations

You do not eat or drink.
Your flesh is vulnerable to fire.
You are immune to poison.
Your flesh is cold resistant. (rC+)
You are immune to negative energy. (rN+++)
You are immune to unholy pain and torment.
You can survive without breathing.


Message History

The jackal barely misses you.
You barely miss the jackal.
The jackal is moderately wounded.
The jackal bites you but does no damage.
The jackal misses you.
You closely miss the jackal.
The jackal is moderately wounded.
The jackal barely misses you.
You completely miss the jackal.
The jackal is moderately wounded.
The jackal barely misses you. The jackal bites you.
* * * LOW HITPOINT WARNING * * *
You hit the jackal but do no damage.
The jackal is moderately wounded.
The jackal bites you.
* * * LOW HITPOINT WARNING * * *
You closely miss the jackal.
The jackal is moderately wounded.
The jackal misses you. The jackal bites you.
You die...

#..##################.#
#. #.# # .#.# .#.# .#.#
.#.# .#.#
#####+#####.#.#
.......@h...#.#
##############'##.#
.h.....?h.........#
...$.....!.(h.....#
#######+###########


You could see a jackal.

Vanquished Creatures
  A bat (D:1)
  A jackal (D:3)
  A kobold (D:2)
  2 rats (D:1)
5 creatures vanquished.

Notes
Turn   | Place    | Note
-------+----------+-------------------------------------------
     0 | D:1      | 4thArraOfDagon the Mummy Wanderer began the quest for the Orb.
     0 | D:1      | 4thArraOfDagon set off with: a book of Minor Magic, a +0 spear, a scroll of teleportation, a +0 robe, a +0 dagger
     0 | D:1      | Reached XP level 1. HP: 15/15 MP: 4/4
    44 | D:2      | Noticed Robin
   267 | D:3      | Reached skill level 1 in Polearms
   278 | D:3      | Slain by a jackal

Vault maps used:
D:1:      co_arrival_square_in_a_square_in_a_square, hex_tiny
D:2:      first_bread, uniq_robin, uniq_natasha
D:3:      cheibrodos_greedy_goblins

Skill      XL: |  1 |
---------------+----+-----
Polearms       | 1 |  1.0
Fighting       | |  1.0
Dodging        | |  2.4
Stealth        | |  1.5
Spellcasting   | |  2.6
Earth Magic    | |  1.0
Evocations     | |  1.0

Action                   || total
-------------------------++-------
Melee: Spear             ||    24
  Use: Scroll            ||     2
 Stab: Sleeping          ||     1
Armor: Robe              ||     7
Dodge: Dodged            ||    22
Block: Other             ||     1
